 Dungeon Crawl Stone Soup version 0.29-a0-330-g52719c12eb (webtiles) character file.

Game seed: 6519042343824041505

2 sking99 the Vexing (level 1, -1/12 HPs)
             Began as a Kobold Arcane Marksman on May 18, 2022.
             Slain by a kobold
             ... wielding a +0 short sword
              (2 damage)
             ... on level 1 of the Dungeon.
             The game lasted 00:00:52 (73 turns).

sking99 the Vexing (Kobold Arcane Marksman)           Turns: 73, Time: 00:00:52

Health: -1/12      AC:  2    Str:  7    XL:     1   Next: 33%
Magic:  1/2        EV: 15    Int: 14    God:
Gold:   0          SH:  0    Dex: 15    Spells: 1/2 levels left

rFire   . . .      SeeInvis .   a - +0 hand crossbow
rCold   . . .      Faith    .   (no shield)
rNeg    . . .      Spirit   .   b - +0 robe
rPois   .          Reflect  .   (no helmet)
rElec   .          Harm     .   (no cloak)
rCorr   .          Rampage  .   (no gloves)
Will    .....                   (no boots)
Stlth   ++........              (no amulet)
HPRegen 0.04/turn               (no ring)
MPRegen 0.08/turn               (no ring)

@: no status effects
A: small, no large weapons, nightstalker 3
a: no special abilities


You were on level 1 of the Dungeon.
You visited 1 branch of the dungeon, and saw 1 of its levels.

Inventory:

Hand Weapons
 a - a +0 hand crossbow (weapon)
Armour
 b - a +0 robe (worn)
Scrolls
 c - a scroll of vulnerability


   Skills:
 + Level 1.1 Fighting
 * Level 2.8 Crossbows
 - Level 2.4 Dodging
 + Level 1.1 Spellcasting
 + Level 3.0 Hexes


You had one spell level left.
You knew the following spells:

 Your Spells              Type           Power      Damage    Failure   Level
a - Slow                  Hex            36%        N/A       8%          1

Your spell library contained the following spells:

 Spells                   Type           Power      Damage    Failure   Level
 Inner Flame              Hex/Fire       5%         N/A       38%         3
 Portal Projectile        Hex/Tloc       10%        N/A       38%         3
 Cause Fear               Hex            4%         N/A       58%         4


Dungeon Overview and Level Annotations

Branches:
Dungeon (1/15)

Altars:


Innate Abilities, Weirdness & Mutations

You are small and have problems with some larger weapons.
You are completely attuned to the shadows.


Message History

You shoot a bolt. The bolt closely misses the kobold.
The kobold misses you.
You shoot a bolt. The bolt hits the kobold!
You kill the kobold!
The kobold hits you with a +0 short sword.
You shoot a bolt.
The bolt hits the kobold but does no damage.
You shoot a bolt. The bolt closely misses the kobold.
The kobold closely misses you. The kobold misses you.
You shoot a bolt. The bolt barely misses the kobold.
The kobold hits you with a +0 short sword.
The kobold barely misses you. The kobold hits you but does no damage.
The kobold barely misses you.
You shoot a bolt. The bolt hits the kobold.
The kobold is moderately wounded.
The kobold barely misses you.
The kobold hits you with a +0 short sword of protection.
You are too injured to fight recklessly!
You are too injured to fight recklessly!
Aiming: Slow (safe; 8% risk of failure)
Press: ? - help, Q - select action, (/) - cycle Shift-Dir - straight line, f/p - kobold
Aim: a kobold, wielding a +0 short sword of protection and quivering stones (moderately wounded, chance to affect: 64%)
The kobold seems to slow down.
The kobold misses you. The kobold closely misses you.
You are too injured to fight recklessly!
Really attack while wielding your +0 hand crossbow?
Okay, then.
Shoot: a) +0 hand crossbow
Press: ? - help, Q - select action, (/) - cycle Shift-Dir - straight line, f/p - kobold
Aim: a kobold, wielding a +0 short sword of protection and quivering stones (moderately wounded, slow, 53% to hit)
You shoot a bolt. The bolt hits the kobold.
You kill the kobold!
The kobold barely misses you.
The kobold hits you with a +0 short sword.
* * * LOW HITPOINT WARNING * * *
Shoot: a) +0 hand crossbow
Press: ? - help, Q - select action, (/) - cycle Shift-Dir - straight line, f - kobold
Aim: a kobold, wielding a +0 short sword (53% to hit)
You shoot a bolt. The bolt barely misses the kobold.
The kobold hits you with a +0 short sword.
You die...

#####
#######...##.
.............
####'##...##
###.##...#
#P≈.♣#...#
#P≈<.+...# ..K..
#P≈.♣#@K.# K.K.##
###.##)### ...PP
#######'#..# #.PP
#....K....##
#.#####.#########
#..K.K..#
#########


You could see a kobold.

Vanquished Creatures
  2 kobolds (D:1)
2 creatures vanquished.

Vanquished Creatures (others)
  10 plants (D:1)
10 creatures vanquished.

Grand Total: 12 creatures vanquished

Notes
Turn   | Place    | Note
-------+----------+-------------------------------------------
     0 | D:1      | sking99 the Kobold Arcane Marksman began the quest for the
                  | Orb.
     0 | D:1      | Reached XP level 1. HP: 12/12 MP: 2/2
    73 | D:1      | Slain by a kobold

Illustrated notes

Levels and vault maps discovered:
D:1:      tarquinn_simple_flora_water_e, layout_basic, lexackson_kobold_supper

Action                   || total
-------------------------++-------
 Fire: Hand crossbow     ||    12
 Cast: Slow              ||     2
Armor: Robe              ||     1
Dodge: Dodged            ||     9

Table legend: (Time is in decaauts)
 A = Elapsed time spent in this place.
 B = Non-inter-level travel time spent in this place.
 C = Inter-level travel time spent in this place.
 D = Time resting spent in this place.
 E = Time spent auto-exploring this place.
 F = Levels seen in this place.
 G = Mean time per level.
                   A        B        C        D        E       F      G
               +--------+--------+--------+--------+--------+-----+--------+
         Total |     77 |     77 |      0 |      0 |      0 |   1 |   77.0 |
       Dungeon |     77 |     77 |      0 |      0 |      0 |   1 |   77.0 |
               +--------+--------+--------+--------+--------+-----+--------+

Top non-repeatable levels by time:
     D:1: 77 daAuts
